AoeStats
← ali_mansour10

Fortress

508042408Analyzed
3v3 RM · 11d ago on Sep 20, 2026· 66m 38s· 6 players
Game mode
Random Map
Map size
Large (8 player)
Population
200
Speed
Normal
Resources
Standard
Victory
Conquest
Starting age
Dark Age
Ending age
Imperial Age
RankedLock teamsTeams togetherTeam positionsShared explorationLock speedFull tech treeHidden civsTurbo modeCheats
Victory
Defeat
🇲🇽 Teutons · Mexico
844
+12
🇦🇷 Franks · Argentina
755
+16
🇧🇷 Franks · Brazil
661
+19
🇱🇧 Bulgarians · Lebanon
805
-18
🇳🇮 Saracens · Nicaragua
724
-15
🇹🇷 Bohemians · Türkiye
709
-14
manu.sf
8:59 Feudal Age
9:32 Feudal Age
7:49 Loom
10:57 Double-Bit Axe
12:23 Wheelbarrow
12:53 Arson
19:01 Castle Age
19:21 Gold Mining
23:16 Imperial Age
21:29 Gold Shaft Mining
21:09 Bow Saw
25:10 Scale Barding Armor
25:15 Forging
25:06 Scale Mail Armor
27:55 Conscription
27:54 Husbandry
27:14 Cavalier
28:19 Chain Barding Armor
28:35 Iron Casting
28:15 Chain Mail Armor
28:10 Squires
28:54 Hand Cart
30:15 Paladin
31:50 Town Watch
31:57 Town Watch
31:57 Elite Throwing Axeman
33:06 Town Patrol
35:38 #83
39:03 Pikeman
40:32 Halberdier
43:07 Fortified Wall
44:05 Herbal Medicine
65:45 Spies/Treason
west2084
0:56 Loom
7:20 Feudal Age
9:36 Horse Collar
9:45 Double-Bit Axe
15:04 Castle Age
17:09 Fortified Wall
31:57 Imperial Age
30:52 Wheelbarrow
30:20 Heavy Plow
30:59 Bloodlines
31:37 Forging
31:35 Scale Barding Armor
32:09 Cavalier
33:44 Iron Casting
33:30 Chain Barding Armor
35:13 Conscription
34:19 Paladin
37:10 Blast Furnace
36:47 Plate Barding Armor
37:46 Chemistry
41:41 Scale Mail Armor
41:04 Pikeman
41:44 Squires
42:16 Hand Cart
43:32 Bombard Tower
44:03 Elite Teutonic Knight
45:07 Chain Mail Armor
49:23 Plate Mail Armor
60:04 Fletching
60:15 Padded Archer Armor
[MCC] Bacteria-Am
0:53 Loom
3:12 Loom
7:45 Feudal Age
13:20 Castle Age
11:30 Double-Bit Axe
14:23 Wheelbarrow
14:24 Bow Saw
21:49 Hand Cart
23:04 Stone Mining
25:22 Scale Barding Armor
25:45 Forging
29:50 Imperial Age
27:08 Town Watch
27:52 Chain Barding Armor
28:45 Iron Casting
28:13 Gold Mining
29:40 Fortified Wall
29:26 Murder Holes
30:02 Husbandry
30:26 Town Patrol
30:01 Cavalier
31:21 Plate Barding Armor
31:47 Blast Furnace
31:26 Paladin
34:58 Elite Throwing Axeman
35:58 #83
35:39 Chivalry
36:01 Padded Archer Armor
35:52 Fletching
41:10 Leather Archer Armor
40:51 Bodkin Arrow
42:12 Chemistry
53:32 Coinage
63:54 Spies/Treason
chingon
7:27 Feudal Age
8:01 Horse Collar
8:09 Double-Bit Axe
11:17 Loom
17:46 Castle Age
16:19 Stone Mining
21:43 Heavy Plow
22:00 Bow Saw
26:11 Husbandry
26:22 Bloodlines
25:35 Pikeman
26:16 Squires
26:02 Gambesons
26:03 Arson
26:27 Thumb Ring
26:37 Caravan
29:29 Scale Barding Armor
29:25 Padded Archer Armor
29:16 Fletching
29:37 Forging
28:55 Elite Skirmisher
34:47 Imperial Age
33:48 Chain Barding Armor
34:04 Iron Casting
33:25 Bodkin Arrow
33:46 Leather Archer Armor
33:46 Fortified Wall
34:53 Capped Ram
37:38 Wheelbarrow
36:52 Town Watch
36:32 Heavy Camel Rider
42:53 Hand Cart
42:39 Town Patrol
45:06 Two-Man Saw
44:46 Plate Barding Armor
45:12 Blast Furnace
44:13 Bracer
44:43 Ring Archer Armor
44:38 Ballistics
45:30 Chemistry
46:50 Siege Ram
51:07 Siege Engineers
DUREX
0:45 Loom
8:46 Feudal Age
9:14 Double-Bit Axe
9:14 Horse Collar
12:03 Arson
16:56 Castle Age
17:09 Castle Age
23:53 Bow Saw
26:37 Imperial Age
25:51 Chemistry
24:59 Heavy Plow
25:37 Caravan
27:32 Wheelbarrow
28:18 Two-Man Saw
28:09 Conscription
29:52 Wagenburg Tactics
30:05 Hand Cart
33:12 Pikeman
33:52 Squires
33:48 Town Watch
33:48 Houfnice
34:38 Siege Engineers
34:14 Treadmill Crane
34:55 Ballistics
34:31 Murder Holes
35:20 Halberdier
ali_mansour10
5:54 Loom
12:16 Feudal Age
13:31 Horse Collar
14:29 Wheelbarrow
13:40 Town Watch
13:44 Double-Bit Axe
16:20 Stone Mining
16:20 Gold Mining
16:37 Scale Mail Armor
16:48 Forging
21:07 Castle Age
22:14 Squires
22:01 Gambesons
22:51 Hand Cart
22:43 Heavy Plow
22:37 Pikeman
23:41 Town Patrol
23:38 Stirrups
24:13 Bow Saw
27:14 Scale Barding Armor
27:10 Padded Archer Armor
27:00 Fletching
27:42 Elite Skirmisher
28:27 Thumb Ring
30:12 Gold Shaft Mining
30:40 Stone Shaft Mining
33:30 Leather Archer Armor
33:11 Bodkin Arrow
35:50 Imperial Age
34:50 Chain Mail Armor
36:42 Ballistics
36:18 Murder Holes
36:35 Masonry
37:08 Crop Rotation
36:56 Halberdier
43:09 Plate Mail Armor
43:37 Iron Casting
48:11 Chemistry
50:05 Architecture
52:00 Blast Furnace
51:02 Bracer
51:36 Parthian Tactics
51:39 Heavy Cavalry Archer
53:31 Conscription
Connection lost

Rejoining the realm…

Still unreachable

The connection could not be restored.

Session expired

The server has moved on; the page needs a fresh start.